 Dungeon Crawl Stone Soup version 0.21.0-24-g2553a33 (webtiles) character file.

22 Monsterracer the Magician (level 2, 0/17 HPs)
             Began as a Deep Elf Transmuter on Jan 19, 2018.
             Slain by a hobgoblin
             ... wielding a cursed -2 club
              (3 damage)
             ... on level 2 of the Dungeon.
             The game lasted 00:01:32 (1475 turns).

Monsterracer the Magician (Deep Elf Transmuter)     Turns: 1475, Time: 00:01:32

Health: 0/17       AC:  2    Str:  7    XL:     2   Next: 68%
Magic:  6/8        EV: 11    Int: 17    God:
Gold:   24         SH:  0    Dex: 15    Spells: 4/7 levels left

rFire    + . .     SeeInvis .   l - +0 long sword
rCold    x . .     Gourm    .   (no shield)
rNeg     . . .     Faith    .   b - +0 robe
rPois    .         Spirit   .   (no helmet)
rElec    .         Reflect  .   (no cloak)
rCorr    .         Harm     .   (no gloves)
MR       .....                  (no boots)
Stlth    +.........             (no amulet)
HPRegen  0.05/turn              e - ring of fire
MPRegen  0.11/turn              i - -2 ring of evasion (curse)

@: no status effects
A: no striking features
a: no special abilities


You were on level 2 of the Dungeon.
You were hungry.

You visited 1 branch of the dungeon, and saw 2 of its levels.

You collected 24 gold pieces.

Inventory:

Hand Weapons
 l - a +0 long sword (weapon)
Missiles
 a - 9 arrows
Armour
 b - a +0 robe (worn)
Jewellery
 e - a ring of fire (left hand)
 i - a cursed -2 ring of evasion (right hand)
Scrolls
 d - a scroll of remove curse {unknown}
 h - 2 scrolls of teleportation
 m - a scroll of fear {unknown}
Potions
 f - a potion of might {unknown}
 g - a potion of curing {unknown}
 j - 2 potions of haste {unknown}
 k - a potion of heal wounds {unknown}
Comestibles
 c - 4 rations


   Skills:
 - Level 1.7 Fighting
 * Level 0.4 Long Blades
 - Level 2.4 Dodging
 - Level 2.4 Unarmed Combat
 - Level 3.0 Spellcasting
 + Level 2.6 Transmutations


You had 4 spell levels left.
You knew the following spells:

 Your Spells              Type           Power        Failure   Level  Hunger
a - Beastly Appendage     Tmut           ##....       6%          1    None
b - Sticks to Snakes      Tmut           ##......     9%          2    ##.....


Dungeon Overview and Level Annotations

Branches:
Dungeon (2/15)

Altars:


Message History

You open the door.
There is an open door here.
You open the door.
There is an open door here.
You open the door. 2 jackals come into view.
The jackal barks!
You hear a bark!
The jackal barks!
You hear a shout!
Found a scroll labeled ZAEWAKHACSE.
A jackal comes into view.
There are monsters nearby!
You closely miss the jackal. The jackal bites you.
The jackal barely misses you.
A hobgoblin comes into view. It is wielding a club.
You take 1 damage, and have 16/17 hp.
There are monsters nearby!
You closely miss the jackal. The jackal barely misses you.
The jackal closely misses you.
The jackal bites you but does no damage.
The jackal bites you.
You take 2 damage, and have 14/17 hp.
You hit the jackal but do no damage. The jackal barely misses you.
The jackal bites you. The jackal barely misses you.
You riposte.
You hit the jackal but do no damage. The jackal barely misses you.
You take 1 damage, and have 13/17 hp.
You hit the jackal.
You kill the jackal!
The jackal bites you.
The jackal bites you but does no damage.
The jackal bites you.
You take 3 damage, and have 10/17 hp.
You are too injured to fight recklessly!
You are too injured to fight recklessly!
The jackal barely misses you. The jackal misses you.
You riposte.
You barely miss the jackal. The jackal barely misses you.
The jackal misses you.
You riposte.
You barely miss the jackal.
Casting: Sticks to Snakes
Confirm with . or Enter, or press ? or * to list all spells.
You create a snake!
You now have 10 arrows.
The jackal closely misses you.
You now have 6/8 mp.
You hit the jackal.
The jackal is almost dead.
The jackal stops to sniff the ground.
The jackal bites you. The jackal barely misses you.
You closely miss the jackal.
The jackal is almost dead.
The jackal barely misses you. The jackal closely misses you.
You hit the jackal but do no damage.
The jackal is almost dead.
The jackal barely misses you.
The jackal bites you but does no damage.
You barely miss the jackal.
The jackal is almost dead.
The jackal bites you.
* * * LOW HITPOINT WARNING * * *
The jackal bites you.
* * * LOW HITPOINT WARNING * * *
You take 4 damage, and have 6/17 hp.
MASSIVE DAMAGE!!
You barely miss the jackal.
The jackal is almost dead.
The jackal bites you.
* * * LOW HITPOINT WARNING * * *
The jackal barely misses you.
You riposte.
You hit the jackal but do no damage.
The jackal is almost dead.
You take 1 damage, and have 5/17 hp.
You swap places.
Your ball python misses the jackal.
Your ball python grabs the jackal.
Your ball python constricts the jackal.
The jackal closely misses your ball python.
Your ball python bites the jackal but does no damage.
Your ball python constricts the jackal.
The jackal completely misses your ball python.
Your ball python bites the jackal.
The jackal dies!
Your ball python barely misses the jackal.
Your ball python completely misses the jackal.
The jackal bites your ball python.
Your ball python dies!
Casting: Sticks to Snakes
Confirm with . or Enter, or press ? or * to list all spells.
You create a snake!
You now have 9 arrows.
The jackal barely misses you.
You riposte.
You hit the jackal.
The jackal is heavily wounded.
The jackal misses you.
You now have 5/8 mp.
The jackal barely misses you. The jackal bites you.
* * * LOW HITPOINT WARNING * * *
You take 2 damage, and have 3/17 hp.
You closely miss the jackal.
The jackal is heavily wounded.
The jackal barely misses you.
Your ball python completely misses the jackal.
Your ball python closely misses the jackal.
The jackal bites you but does no damage.
Your ball python barely misses the jackal.
Your ball python grabs the jackal.
Your ball python constricts the jackal.
You hit the jackal.
You kill the jackal!
The hobgoblin hits you with a club.
You die...

#.... #..###### #....
#........ #.?.. #..#.... ..g
#..#..# # #######†##..#..###
#####.#................. #.
......#.######..#....... ...
.......Sg...†...........
....#########@#######.#.......
............#.# #.........
........###.#.# ##........
....#...###.#.# #........
...........<#.# ######'#'####
.........##.#.# #........#
.........##.#.# #.....>..#
..#####..##.#.# ##........#
#......##.#.# #.........#


You could see a hobgoblin and a friendly ball python.

Vanquished Creatures
  2 dart slugs (D:1)
  A bat (D:1)
  A giant cockroach (D:1)
  2 goblins (D:1)
  A hobgoblin (D:1)
  2 jackals (D:2)
  A frilled lizard (D:1)
  A kobold (D:1)
  2 rats (D:1)
13 creatures vanquished.

Vanquished Creatures (collateral kills)
  A leopard gecko (D:1)
  A bat (D:1)
  A hobgoblin (D:1)
  A jackal (D:2)
4 creatures vanquished.

Grand Total: 17 creatures vanquished

Notes
Turn   | Place    | Note
-------+----------+-------------------------------------------
     0 | D:1      | Monsterracer the Deep Elf Transmuter began the quest for the Orb.
     0 | D:1      | Reached XP level 1. HP: 11/11 MP: 6/6
    75 | D:1      | HP: 3/11 [hobgoblin (4)]
   363 | D:1      | Reached skill level 1 in Fighting
   505 | D:1      | Reached XP level 2. HP: 16/16 MP: 8/8
   509 | D:1      | Learned a level 2 spell: Sticks to Snakes
   526 | D:1      | HP: 8/16 [bat (1)]
   810 | D:1      | Learned a level 1 spell: Beastly Appendage
  1463 | D:2      | HP: 8/17 [jackal (2)]
  1473 | D:2      | HP: 3/17 [jackal (2)]
  1475 | D:2      | Slain by a hobgoblin

Skill      XL: |  1 |
---------------+----+-----
Fighting       | 1 |  1.7
Long Blades    | |  0.4
Dodging        | |  2.4
Unarmed Combat | |  2.4
Spellcasting   | |  3.0
Transmutations | |  2.6

Action                   || total
-------------------------++-------
Melee: Unarmed           ||    49
       Headbutt          ||     2
       Kick              ||     1
       Long sword        ||    11
 Cast: Beastly Appendage ||     3
       Sticks to Snakes  ||     3
  Use: Scroll            ||     3
  Eat: Chunk             ||     1
Armor: Robe              ||    18
Dodge: Dodged            ||    56
       Rpst.: Long sword ||     5

Vault maps used:
D:1:      matt_arrival_refuge, solitary_fountain, dk_noncrumbling_4
D:2:      led_sif_pool, makhleb_heckhound_becter, okawaru_ov_weapons_minmay,
          lemuel_crystal_altar
